[Event "ICC tourney 3005 (40 10)"]
[Site "Internet Chess Club"]
[Date "2022.09.10"]
[Round "1"]
[White "Mehta, Aarav Amit:amitmehta22"]
[Black "Doan Giang, Nguyen Doan:Doctorstrange04"]
[Result "0-1"]
[ICCResult "White checkmated"]
[WhiteElo "1292"]
[BlackElo "1763"]
[Opening "Sicilian: Grand Prix attack"]
[ECO "B23"]
[NIC "SI.44"]
[Time "11:00:44"]
[PlyCount "42"]
[TimeControl "2400+10"]

1. e4 c5 2. Nc3 Nc6 3. f4 g6 4. Nf3 Bg7 5. Bc4 e6 6. O-O Nge7 7. d3 O-O 8.
Qe1 d5 9. Bb3 Nd4 10. e5 Nef5 11. g4 Nxf3+ 12. Rxf3 Nd4 13. Rf1 c4 14. dxc4
dxc4 15. Ba4 b5 16. Nxb5 Nxb5 17. Be3 a6 18. Rd1 Qc7 19. Qf2 Bb7 20. Bb6 Qc6
21. Qc5 Qg2# {White checkmated} 0-1

[Event "ICC tourney 3005 (40 10)"]
[Site "Internet Chess Club"]
[Date "2022.09.10"]
[Round "1"]
[White "Kolli, Anushka:Eagle2020"]
[Black "Bharathy Mohan, Aarav Sai:aaravbm"]
[Result "1-0"]
[ICCResult "Black checkmated"]
[WhiteElo "1478"]
[BlackElo "1159"]
[Opening "Sicilian: Alapin's variation (2.c3)"]
[ECO "B22"]
[NIC "SI.46"]
[Time "11:00:42"]
[PlyCount "37"]
[TimeControl "2400+10"]

1. e4 c5 2. c3 g6 3. d4 Qb6 4. Nf3 Nc6 5. Na3 Na5 6. Nb5 a6 7. dxc5 Qxc5 8.
Be3 Qc6 9. Nfd4 Qb6 10. Ne6 Qc6 11. Nbc7+ Qxc7 12. Nxc7+ Kd8 13. Nxa8 b5 14.
Bb6+ Ke8 15. Nc7+ Kd8 16. Bxa5 d6 17. Ne6+ Kd7 18. Nxf8+ Kc6 19. Qd5#
{Black checkmated}
1-0

[Event "ICC tourney 3005 (40 10)"]
[Site "Internet Chess Club"]
[Date "2022.09.10"]
[Round "1"]
[White "ZHANG, ARI:brass60Six"]
[Black "OPASKA, MICHAEL:mopaska1106"]
[Result "0-1"]
[ICCResult "White resigns"]
[WhiteElo "1342"]
[BlackElo "1803"]
[Opening "QGD: Tarrasch defense"]
[ECO "D32"]
[NIC "TD.06"]
[Time "11:00:56"]
[PlyCount "50"]
[TimeControl "2400+10"]

1. d4 d5 2. c4 e6 3. Nc3 c5 4. e3 Nc6 5. Nf3 Nf6 6. cxd5 exd5 7. Be2 Bd6 8.
Nb5 O-O 9. Nxd6 Qxd6 10. O-O Be6 11. Bd2 c4 12. Bc3 b5 13. a3 a5 14. Ne5 b4
15. Nxc6 bxc3 16. Ne5 cxb2 17. Rb1 Qxa3 18. Qc2 Rab8 19. Rfe1 g6 20. g4 Ne4
21. Bf3 Nc3 22. h4 Nxb1 23. Qxb1 Rfc8 24. Qc2 Qb3 25. Qb1 c3 {White resigns}
0-1

[Event "ICC tourney 3005 (40 10)"]
[Site "Internet Chess Club"]
[Date "2022.09.10"]
[Round "1"]
[White "Sarafudinov, Andrey:whyyoutrysohard"]
[Black "KURIAN ABHILASH, ALEN:K09-17188617"]
[Result "1-0"]
[ICCResult "Black resigns"]
[WhiteElo "1558"]
[BlackElo "1167"]
[Opening "Catalan: closed, 5.Nf3"]
[ECO "E06"]
[NIC "CA.04"]
[Time "11:17:38"]
[PlyCount "51"]
[TimeControl "2400+10"]

1. d4 d5 2. c4 e6 3. Nf3 Be7 4. g3 Nf6 5. Bg2 O-O 6. O-O c5 7. cxd5 Nxd5 8.
e4 Nf6 9. Nc3 Nc6 10. dxc5 Bxc5 11. Qe2 e5 12. Rd1 Qe7 13. Nd5 Nxd5 14. exd5
Nd4 15. Nxd4 exd4 16. Qxe7 Bxe7 17. Rxd4 Bc5 18. Rc4 Re8 19. Bf4 Bf8 20. Rc2
Bf5 21. Rd2 Bb4 22. Rdd1 Be4 23. d6 Rad8 24. d7 Re7 25. Bxe4 Rxe4 26. Bc7
{Black resigns}
1-0

[Event "ICC tourney 3005 (40 10)"]
[Site "Internet Chess Club"]
[Date "2022.09.10"]
[Round "1"]
[White "Anthony, Joseph:ajk170378"]
[Black "WU, DARREN:chessboy111"]
[Result "1-0"]
[ICCResult "Black resigns"]
[WhiteElo "1783"]
[BlackElo "1318"]
[Opening "Ruy Lopez: Morphy defense"]
[ECO "C77"]
[NIC "RL.12"]
[Time "11:00:36"]
[PlyCount "69"]
[TimeControl "2400+10"]

1. e4 e5 2. Nf3 Nc6 3. Bb5 a6 4. Ba4 Nf6 5. d4 exd4 6. O-O b5 7. Bb3 Bc5 8.
e5 Ng4 9. h3 Nh6 10. Bg5 Be7 11. Bxe7 Qxe7 12. Nxd4 Nxd4 13. Qxd4 Bb7 14.
Qf4 O-O 15. Nc3 c6 16. Rfe1 Rfe8 17. Rad1 a5 18. a3 b4 19. axb4 axb4 20. Na4
c5 21. Nb6 Rad8 22. Rd6 Bc6 23. Nd5 Bxd5 24. Bxd5 Qxd6 25. exd6 Rxe1+ 26.
Kh2 Rde8 27. Bf3 Rb1 28. Qg5 c4 29. Bc6 Rxb2 30. Bxd7 Rf8 31. Bc6 Rxc2 32.
d7 f6 33. Qd5+ Nf7 34. Qe6 b3 35. Bd5 {Black resigns} 1-0

[Event "ICC tourney 3005 (40 10)"]
[Site "Internet Chess Club"]
[Date "2022.09.10"]
[Round "1"]
[White "SRIPADA, ANISHA:waterycargo"]
[Black "SEBBA, AMITAI:Amitai"]
[Result "0-1"]
[ICCResult "White resigns"]
[WhiteElo "1207"]
[BlackElo "1573"]
[Opening "Queen's pawn: London system"]
[ECO "A45"]
[NIC "QP.07"]
[Time "11:00:44"]
[PlyCount "38"]
[TimeControl "2400+10"]

1. d4 Nf6 2. Bf4 d5 3. e3 g6 4. Nf3 Bg7 5. c4 c5 6. Nc3 cxd4 7. exd4 Nc6 8.
Nb5 O-O 9. Nc7 Nh5 10. Nxa8 Nxf4 11. c5 Bg4 12. h3 Bxf3 13. Qxf3 Ne6 14. Rb1
Ncxd4 15. Qg3 Qxa8 16. Rc1 Qd8 17. b3 Qa5+ 18. Qc3 Nc2+ 19. Rxc2 Bxc3+
{White resigns}
0-1

[Event "ICC tourney 3005 (40 10)"]
[Site "Internet Chess Club"]
[Date "2022.09.10"]
[Round "1"]
[White "ZHAO, DANSON:K01-30127679"]
[Black "Hernandez-Visbal, Arthur:thechessgod22"]
[Result "0-1"]
[ICCResult "White resigns"]
[WhiteElo "1233"]
[BlackElo "1649"]
[Opening "Caro-Kann defense"]
[ECO "B10"]
[NIC "CK.01"]
[Time "11:01:29"]
[PlyCount "62"]
[TimeControl "2400+10"]

1. e4 c6 2. Nf3 d5 3. exd5 cxd5 4. d4 Bg4 5. Nbd2 e6 6. c3 Bd6 7. Bd3 Nf6 8.
h3 Bh5 9. O-O Nbd7 10. Qb3 Qb6 11. Re1 O-O 12. Ne5 Rfe8 13. Qc2 Nf8 14. Nf1
Rac8 15. Be3 Qc7 16. Qb3 a6 17. Bf4 b5 18. Bg3 Bg6 19. Bxg6 Nxg6 20. Nxg6
Bxg3 21. Nxg3 hxg6 22. Rad1 Qc4 23. Qxc4 bxc4 24. Rd2 a5 25. a3 Rb8 26. Kf1
Rb3 27. Ree2 Reb8 28. f3 Nd7 29. Ke1 Nb6 30. Kd1 Na4 31. Kc1 Nxc3
{White resigns}
0-1

[Event "ICC tourney 3005 (40 10)"]
[Site "Internet Chess Club"]
[Date "2022.09.10"]
[Round "1"]
[White "S.M, UMER:uncrackable"]
[Black "Boyle, Brendan:bfboyle98"]
[Result "1-0"]
[ICCResult "Black resigns"]
[WhiteElo "1815"]
[BlackElo "1366"]
[Opening "Queen's bishop game"]
[ECO "D02"]
[NIC "QP.08"]
[Time "11:00:37"]
[PlyCount "63"]
[TimeControl "2400+10"]

1. d4 d5 2. Nf3 Nf6 3. Bf4 e6 4. e3 c5 5. Nbd2 cxd4 6. exd4 a6 7. Bd3 Bd6 8.
Bg3 Qc7 9. Qe2 Nbd7 10. Ne5 O-O 11. O-O b5 12. c3 Bb7 13. a3 h6 14. f4 Rad8
15. Rae1 Ne4 16. Nxe4 dxe4 17. Bxe4 Bxe4 18. Qxe4 Nf6 19. Qe2 Rb8 20. f5
exf5 21. Rxf5 Nh7 22. Ref1 f6 23. Ng6 Rfe8 24. Bxd6 Qxd6 25. Qf3 Ng5 26.
Qd5+ Qxd5 27. Rxd5 Rb6 28. h4 Ne4 29. Re1 Kf7 30. h5 Ree6 31. Rd7+ Kg8 32.
Rd8+ {Black resigns} 1-0

[Event "ICC tourney 3005 (40 10)"]
[Site "Internet Chess Club"]
[Date "2022.09.10"]
[Round "1"]
[White "SPENCER, PAUL:iceberge"]
[Black "MOSS, MARVIN:mmoss2932"]
[Result "1-0"]
[ICCResult "Black checkmated"]
[WhiteElo "972"]
[BlackElo "1460"]
[Opening "QGD semi-Slav: 5.e3"]
[ECO "D45"]
[NIC "SL.08"]
[Time "11:00:45"]
[PlyCount "63"]
[TimeControl "2400+10"]

1. d4 d5 2. c4 e6 3. Nc3 Nf6 4. Nf3 c6 5. e3 Bd6 6. Qc2 O-O 7. b3 Nbd7 8.
Bd3 dxc4 9. bxc4 e5 10. O-O exd4 11. exd4 Re8 12. Bg5 h6 13. Bh4 Be7 14. Ne2
Nh5 15. Bxe7 Rxe7 16. Rfe1 Nf8 17. Ne5 Be6 18. Rad1 Rc8 19. Be4 Nf6 20. Bf3
Qc7 21. Nf4 N6d7 22. Nxe6 Nxe6 23. Nxf7 Nxd4 24. Nxh6+ Kf8 25. Qh7 Nxf3+ 26.
gxf3 Rxe1+ 27. Rxe1 Ne5 28. Qf5+ Nf7 29. Nxf7 Kg8 30. Ng5 c5 31. Qh7+ Kf8
32. Qh8# {Black checkmated} 1-0

[Event "ICC tourney 3005 (40 10)"]
[Site "Internet Chess Club"]
[Date "2022.09.10"]
[Round "1"]
[White "Dixon, Javier:JavierDix"]
[Black "YU, VINCENT ZHIWEN:vincentyu"]
[Result "0-1"]
[ICCResult "White resigns"]
[WhiteElo "1377"]
[BlackElo "965"]
[Opening "Queen's pawn game"]
[ECO "A46"]
[NIC "QP.05"]
[Time "11:00:43"]
[PlyCount "134"]
[TimeControl "2400+10"]

1. d4 Nf6 2. Nf3 e6 3. Bf4 c5 4. e3 b6 5. Be2 Bb7 6. O-O Be7 7. Ne5 Nc6 8.
Bf3 Rc8 9. Nc3 O-O 10. Nb5 a6 11. Na7 Ra8 12. Naxc6 dxc6 13. Nxc6 Bxc6 14.
Bxc6 Ra7 15. dxc5 Bxc5 16. Qxd8 Rxd8 17. Rad1 Rc8 18. Bf3 h6 19. c3 Nd7 20.
Rd2 e5 21. Bg3 g6 22. Rfd1 Rcc7 23. Rd5 f6 24. Bg4 Nf8 25. Rd8 Be7 26. Rb8
Rcb7 27. Rxb7 Rxb7 28. Bf3 Ra7 29. Bd5+ Kg7 30. f4 Bc5 31. Kf2 exf4 32. Bxf4
g5 33. Bb8 Re7 34. Re1 Rd7 35. c4 Ng6 36. Bg3 Ne7 37. Rd1 Nf5 38. Re1 Re7
39. Kf3 Nxe3 40. h3 f5 41. a3 g4+ 42. hxg4 fxg4+ 43. Kf2 Nc2+ 44. Kf1 Nxe1
45. Bxe1 a5 46. Bc3+ Kg6 47. b4 axb4 48. axb4 Bd6 49. Bc6 Bg3 50. Ba4 Re3
51. Bc2+ Kh5 52. Bd2 Re7 53. Bc3 Rf7+ 54. Kg1 Bf2+ 55. Kh2 Kh4 56. Be5 g3+
57. Kh1 Be3 58. Bd3 Rd7 59. Be2 Rd2 60. Bf6+ Bg5 61. Bxg5+ hxg5 62. Bf1 Rb2
63. b5 Rb1 64. Kg1 Rc1 65. c5 Rxc5 66. Be2 Rc1+ 67. Bf1 Rb1 {White resigns}
0-1

[Event "ICC tourney 3005 (40 10)"]
[Site "Internet Chess Club"]
[Date "2022.09.10"]
[Round "1"]
[White "SULTAN, BASHIR Cisse:muzikmixer"]
[Black "HAMLETT, JAMES MORRISON:Hamlett144"]
[Result "1-0"]
[ICCResult "Black resigns"]
[WhiteElo "1643"]
[BlackElo "1232"]
[Opening "English: Sicilian reversed"]
[ECO "A25"]
[NIC "EO.23"]
[Time "11:00:38"]
[PlyCount "109"]
[TimeControl "2400+10"]

1. c4 e5 2. Nc3 Nc6 3. e3 Bb4 4. Qc2 d6 5. Nf3 f5 6. a3 Bxc3 7. Qxc3 Nf6 8.
b4 O-O 9. Bb2 a5 10. b5 Ne7 11. d3 Qe8 12. O-O-O Bd7 13. Be2 b6 14. h3 c6
15. a4 cxb5 16. axb5 Bxb5 17. Kb1 Rc8 18. Qa3 Ba4 19. Rdg1 b5 20. Qxd6 bxc4
21. dxc4 Rb8 22. Qxe5 Rxb2+ 23. Kxb2 Qd7 24. Nd4 Qb7+ 25. Nb5 Rd8 26. Bf3
Qd7 27. Rd1 Bxd1 28. Rxd1 Qc8 29. Qxe7 Rxd1 30. Bxd1 Ne4 31. Nd6 Qb8+ 32.
Ka1 Nxd6 33. c5 Nb5 34. Bb3+ Kh8 35. c6 Nc7 36. Qf7 h6 37. Qc4 Nb5 38. Ka2
Kh7 39. Ba4 Nc7 40. Bc2 Qf8 41. g4 g6 42. gxf5 gxf5 43. Qg4 Qf7+ 44. Kb1
Qb3+ 45. Bxb3 fxg4 46. hxg4 Kg6 47. Ka2 Nb5 48. Bc4 Nc7 49. Ka3 Kg5 50. f3
Kh4 51. e4 Kg3 52. e5 Kxf3 53. e6 Kxg4 54. e7 Kf5 55. Bf7 {Black resigns}
1-0

[Event "ICC tourney 3005 (40 10)"]
[Site "Internet Chess Club"]
[Date "2022.09.10"]
[Round "1"]
[White "MALAKAR, SAARTHAK:iamvoltu"]
[Black "HOSUR, SANMITA:phosur"]
[Result "1-0"]
[ICCResult "Black resigns"]
[WhiteElo "1693"]
[BlackElo "1266"]
[Opening "Queen's pawn game, Darooha variation "]
[ECO "D02"]
[NIC "QP.08"]
[Time "11:00:42"]
[PlyCount "95"]
[TimeControl "2400+10"]

1. d4 d5 2. Nf3 Nf6 3. g3 e6 4. Bg2 c5 5. O-O Nc6 6. Bf4 Bd6 7. dxc5 Bxc5 8.
Nbd2 O-O 9. c4 b6 10. Ne5 Nxe5 11. Bxe5 Bb7 12. Nb3 Ng4 13. Nxc5 bxc5 14.
Bc3 Rb8 15. e4 Nf6 16. Bxf6 Qxf6 17. exd5 exd5 18. cxd5 Ba6 19. Re1 Rxb2 20.
Qf3 Qb6 21. Rad1 Qd6 22. Qa3 Rb4 23. Bf1 Bxf1 24. Kxf1 Ra8 25. Re3 h5 26.
Re2 h4 27. Qf3 Rab8 28. Kg2 Rb2 29. Rxb2 Rxb2 30. gxh4 Rxa2 31. Re1 Rd2 32.
Re8+ Kh7 33. Qh5+ Qh6 34. Qxf7 Qg6+ 35. Qxg6+ Kxg6 36. Ra8 c4 37. Rxa7 c3
38. Rc7 c2 39. d6 Rxd6 40. Rxc2 Rd4 41. Kg3 Kf5 42. Rc5+ Ke4 43. f3+ Ke3 44.
Re5+ Kd3 45. Re7 g6 46. Re6 Rc4 47. Rxg6 Rc1 48. h5 {Black resigns} 1-0

[Event "ICC tourney 3005 (40 10)"]
[Site "Internet Chess Club"]
[Date "2022.09.10"]
[Round "1"]
[White "KAUR, JIND:ranu540"]
[Black "BRUDNO, STEPHEN:StevChess01"]
[Result "1/2-1/2"]
[ICCResult "Game drawn by repetition"]
[WhiteElo "1161"]
[BlackElo "1529"]
[Opening "Sicilian: Kan, 5.Nc3"]
[ECO "B43"]
[NIC "SI.43"]
[Time "11:00:38"]
[PlyCount "135"]
[TimeControl "2400+10"]

1. e4 c5 2. Nf3 a6 3. Nc3 e6 4. d4 cxd4 5. Nxd4 Qc7 6. Be3 Nf6 7. f3 Be7 8.
Qd2 O-O 9. g4 h6 10. g5 hxg5 11. Bxg5 Nc6 12. O-O-O Rd8 13. Qg2 Nxd4 14.
Rxd4 d5 15. Rg1 g6 16. Kb1 dxe4 17. Rxd8+ Qxd8 18. fxe4 Bd7 19. e5 Bc6 20.
Qg3 Ne4 21. Bxe7 Nxc3+ 22. bxc3 Qxe7 23. Bd3 Be8 24. h4 Qc5 25. h5 Qxc3 26.
hxg6 Qb4+ 27. Kc1 Qa3+ 28. Kd1 fxg6 29. Bxg6 Qxg3 30. Rxg3 Bxg6 31. Rxg6+
Kf7 32. Rf6+ Ke7 33. Kd2 Rc8 34. Rh6 Kd7 35. Rh7+ Kc6 36. Re7 Kd5 37. Rxb7
Rc6 38. Rb3 Kxe5 39. Re3+ Kd5 40. Rd3+ Ke5 41. Re3+ Kf4 42. c4 e5 43. Rc3 e4
44. c5 Ke5 45. Ke3 Kd5 46. Ra3 Rxc5 47. Rxa6 Rc3+ 48. Kd2 Rd3+ 49. Ke2 Rh3
50. a4 Kd4 51. Rd6+ Ke5 52. Ra6 Ra3 53. a5 Kd4 54. Rd6+ Kc5 55. Re6 Kd5 56.
Rh6 Ke5 57. a6 Kf4 58. Rf6+ Kg4 59. Re6 Kf5 60. Rh6 Kg4 61. Re6 Kf5 62. Rh6
Kf4 63. Rf6+ Ke5 64. Rh6 Kd5 65. Rg6 Kc5 66. Re6 Kd5 67. Rg6 Ke5 68. Rh6
{Game drawn by repetition}
1/2-1/2

[Event "ICC tourney 3005 (40 10)"]
[Site "Internet Chess Club"]
[Date "2022.09.10"]
[Round "2"]
[White "Doan Giang, Nguyen Doan:Doctorstrange04"]
[Black "Sarafudinov, Andrey:whyyoutrysohard"]
[Result "1-0"]
[ICCResult "Black resigns"]
[WhiteElo "1763"]
[BlackElo "1558"]
[Opening "Queen's pawn game"]
[ECO "D04"]
[NIC "QP.08"]
[Time "13:15:31"]
[PlyCount "47"]
[TimeControl "2400+10"]

1. d4 d5 2. Nf3 Nf6 3. e3 c5 4. b3 cxd4 5. exd4 Nc6 6. Bb2 Bf5 7. Bd3 Bxd3
8. Qxd3 e6 9. O-O Bd6 10. Nbd2 O-O 11. a3 a6 12. Ne5 Qc7 13. f4 Rac8 14.
Rac1 b5 15. Rf3 Qe7 16. b4 h6 17. Kh1 Nb8 18. Rg1 Bxe5 19. fxe5 Nh7 20. Rg3
Nd7 21. Bc1 f6 22. Nf3 Kh8 23. Nh4 Qf7 24. Ng6+ {Black resigns} 1-0

[Event "ICC tourney 3005 (40 10)"]
[Site "Internet Chess Club"]
[Date "2022.09.10"]
[Round "2"]
[White "HAMLETT, JAMES MORRISON:Hamlett144"]
[Black "Dixon, Javier:JavierDix"]
[Result "0-1"]
[ICCResult "White resigns"]
[WhiteElo "1232"]
[BlackElo "1377"]
[Opening "Robatsch (modern) defense"]
[ECO "B06"]
[NIC "KF.05"]
[Time "13:16:02"]
[PlyCount "60"]
[TimeControl "2400+10"]

1. e4 g6 2. d4 Bg7 3. Nf3 c5 4. c3 cxd4 5. cxd4 Nc6 6. e5 d6 7. exd6 Qxd6 8.
d5 Nb4 9. Bc4 Nf6 10. Nc3 O-O 11. Be3 Bg4 12. Nb5 Bxf3 13. gxf3 Qd8 14. d6
exd6 15. Nxd6 Qa5 16. O-O Rad8 17. a3 Nc6 18. b4 Qc7 19. Bc5 b6 20. Nb5 Rxd1
21. Raxd1 Qf4 22. Bxf8 Bxf8 23. Be2 Ne5 24. Kg2 Qg5+ 25. Kh1 Nxf3 26. Bxf3
Qxb5 27. Rfe1 Qf5 28. Bg2 Qxf2 29. Rf1 Qh4 30. Rf3 Ng4 {White resigns} 0-1

[Event "ICC tourney 3005 (40 10)"]
[Site "Internet Chess Club"]
[Date "2022.09.10"]
[Round "2"]
[White "YU, VINCENT ZHIWEN:vincentyu"]
[Black "MALAKAR, SAARTHAK:iamvoltu"]
[Result "0-1"]
[ICCResult "White checkmated"]
[WhiteElo "965"]
[BlackElo "1693"]
[Opening "Caro-Kann: advance variation"]
[ECO "B12"]
[NIC "CK.04"]
[Time "13:15:26"]
[PlyCount "128"]
[TimeControl "2400+10"]

1. e4 c6 2. d4 d5 3. e5 Bf5 4. h4 h5 5. Nf3 e6 6. c4 Nd7 7. Nc3 Bb4 8. Bd2
Ne7 9. a3 Bxc3 10. Bxc3 O-O 11. Be2 dxc4 12. Bxc4 Nb6 13. Ba2 Nbd5 14. O-O
Rc8 15. Rc1 Bg4 16. b4 Nf5 17. g3 Nxc3 18. Rxc3 Bxf3 19. Rxf3 Qxd4 20. Qxd4
Nxd4 21. Rd3 Rcd8 22. Kg2 Ne2 23. Re3 Rd2 24. Bc4 Nd4 25. Rd3 Rxd3 26. Bxd3
Rd8 27. Rd1 Kf8 28. Be2 g6 29. Bc4 Ke7 30. Ba2 Nc2 31. Rc1 Nxa3 32. Rc3 Nb5
33. Rc1 Rd4 34. Rc4 Rxc4 35. Bxc4 Nc3 36. Kf3 b5 37. Bb3 Nd5 38. Bxd5 cxd5
39. Ke3 Kd7 40. Kd4 Kc6 41. f4 Kb6 42. Kc3 a5 43. Kb3 axb4 44. Kxb4 Kc6 45.
Kc3 Kc5 46. Kb3 b4 47. Kc2 d4 48. Kb3 d3 49. Kb2 Kc4 50. Kc1 Kc3 51. Kd1 b3
52. Kc1 b2+ 53. Kb1 d2 54. Ka2 d1=Q 55. Ka3 b1=Q 56. g4 hxg4 57. h5 gxh5 58.
f5 exf5 59. e6 f6 60. e7 g3 61. e8=Q Qa2+ 62. Kxa2 Qc2+ 63. Ka3 Qb2+ 64. Ka4
Qb4# {White checkmated} 0-1

[Event "ICC tourney 3005 (40 10)"]
[Site "Internet Chess Club"]
[Date "2022.09.10"]
[Round "2"]
[White "SUN, YIMENG:K09-16513258"]
[Black "KAUR, JIND:ranu540"]
[Result "0-1"]
[ICCResult "White forfeits on time"]
[WhiteElo "1083"]
[BlackElo "1161"]
[Opening "Sicilian: accelerated fianchetto, modern variation with Bc4"]
[ECO "B35"]
[NIC "SI.33"]
[Time "13:53:10"]
[PlyCount "36"]
[TimeControl "2400+10"]

1. e4 c5 2. Nf3 Nc6 3. d4 cxd4 4. Nxd4 g6 5. Nc3 Bg7 6. Be3 Nf6 7. Bc4 O-O
8. O-O Nxe4 9. Nxe4 d5 10. Nxc6 bxc6 11. Nd2 dxc4 12. Nxc4 Be6 13. Qxd8
Rfxd8 14. Na5 Bxb2 15. Rab1 Bf6 16. Nxc6 Rdc8 17. Nxa7 Rxc2 18. a4 Ra2
{White forfeits on time}
0-1

[Event "ICC tourney 3005 (40 10)"]
[Site "Internet Chess Club"]
[Date "2022.09.10"]
[Round "2"]
[White "MOSS, MARVIN:mmoss2932"]
[Black "HOSUR, SANMITA:phosur"]
[Result "1-0"]
[ICCResult "Black checkmated"]
[WhiteElo "1460"]
[BlackElo "1266"]
[Opening "QGD: classical variation (5.Bf4)"]
[ECO "D37"]
[NIC "QO.04"]
[Time "13:16:02"]
[PlyCount "75"]
[TimeControl "2400+10"]

1. d4 d5 2. c4 e6 3. Nc3 Nf6 4. Nf3 Be7 5. Bf4 O-O 6. e3 Nbd7 7. a3 a5 8.
Nb5 Bd6 9. Nxd6 cxd6 10. Bxd6 Re8 11. c5 Ne4 12. Be5 f6 13. Bg3 e5 14. Bd3
Nxg3 15. Bxh7+ Kxh7 16. hxg3+ Kg8 17. Qc2 Kf7 18. Qf5 Nxc5 19. Qh5+ Kf8 20.
dxc5 Qc7 21. Rc1 Bd7 22. Qg6 Kg8 23. Rh7 Bb5 24. Kd2 Rad8 25. Rch1 Kf8 26.
Rh8+ Ke7 27. Qxg7+ Ke6 28. Rxe8+ Rxe8 29. Qxc7 Bc6 30. Rh7 d4 31. Qf7+ Kf5
32. Rh5+ Ke4 33. Qxf6 Kd5 34. Qd6+ Kc4 35. Nxe5+ Kb3 36. Qxd4 Bxg2 37. Nd3
Bc6 38. Nc1# {Black checkmated} 1-0

[Event "ICC tourney 3005 (40 10)"]
[Site "Internet Chess Club"]
[Date "2022.09.10"]
[Round "2"]
[White "Hernandez-Visbal, Arthur:thechessgod22"]
[Black "Kolli, Anushka:Eagle2020"]
[Result "0-1"]
[ICCResult "White checkmated"]
[WhiteElo "1649"]
[BlackElo "1478"]
[Opening "Queen's bishop game"]
[ECO "D02"]
[NIC "QP.09"]
[Time "13:15:29"]
[PlyCount "72"]
[TimeControl "2400+10"]

1. Nf3 d5 2. d4 Nf6 3. Bf4 Bf5 4. e3 a6 5. Bd3 e6 6. c3 Be7 7. Qc2 Bg6 8.
Nbd2 Nc6 9. Bg3 Qd7 10. c4 Nb4 11. Qb3 Nxd3+ 12. Ke2 Ne4 13. Ne5 Nxg3+ 14.
hxg3 Nxe5 15. dxe5 O-O-O 16. Rhd1 d4 17. Rdc1 dxe3 18. Qxe3 Qd3+ 19. Qxd3
Rxd3 20. a3 Rhd8 21. Nf3 Bc5 22. b4 Bd4 23. Nxd4 R3xd4 24. f4 Bh5+ 25. Kf1
Rd2 26. Re1 R8d3 27. b5 Rxg3 28. bxa6 bxa6 29. Reb1 Rgxg2 30. c5 Rh2 31. Kg1
Rdg2+ 32. Kf1 Bf3 33. Rb8+ Kxb8 34. Rb1+ Kc8 35. Rb8+ Kxb8 36. c6 Rh1#
{White checkmated}
0-1

[Event "ICC tourney 3005 (40 10)"]
[Site "Internet Chess Club"]
[Date "2022.09.10"]
[Round "2"]
[White "Bharathy Mohan, Aarav Sai:aaravbm"]
[Black "Mehta, Aarav Amit:amitmehta22"]
[Result "0-1"]
[ICCResult "White checkmated"]
[WhiteElo "1159"]
[BlackElo "1292"]
[Opening "Sicilian defense"]
[ECO "B20"]
[NIC "SI.48"]
[Time "13:15:28"]
[PlyCount "84"]
[TimeControl "2400+10"]

1. e4 c5 2. c4 e6 3. d3 Nc6 4. Nf3 Nf6 5. Nc3 d6 6. g3 Be7 7. Bg2 O-O 8. Bf4
a6 9. O-O Nh5 10. Be3 Nf6 11. h3 d5 12. e5 d4 13. exf6 Bxf6 14. Na4 dxe3 15.
fxe3 Be7 16. Nd2 Qxd3 17. Rf3 Ne5 18. Rf4 Bg5 19. Re4 Bxe3+ 20. Kh2 Qxd2 21.
Qxd2 Bxd2 22. Rxe5 Rb8 23. Nxc5 b5 24. Ne4 Bh6 25. cxb5 Rxb5 26. Rxb5 axb5
27. Bf1 Ba6 28. Nc5 Bc8 29. Bxb5 Rd8 30. Nb3 g6 31. a4 Bg7 32. Ra2 Bb7 33.
Bc4 Rc8 34. Na5 Be4 35. b3 Bc3 36. Ba6 Rb8 37. Nc4 Rxb3 38. Ra3 Rb1 39. g4
Bb4 40. Ra2 Bd5 41. Rc2 g5 42. Nd2 Bd6# {White checkmated} 0-1

[Event "ICC tourney 3005 (40 10)"]
[Site "Internet Chess Club"]
[Date "2022.09.10"]
[Round "2"]
[White "Boyle, Brendan:bfboyle98"]
[Black "ZHAO, DANSON:K01-30127679"]
[Result "0-1"]
[ICCResult "White checkmated"]
[WhiteElo "1366"]
[BlackElo "1233"]
[Opening "Ruy Lopez: old Steinitz defense"]
[ECO "C62"]
[NIC "RL.02"]
[Time "13:16:02"]
[PlyCount "116"]
[TimeControl "2400+10"]

1. e4 e5 2. Nf3 Nc6 3. Bb5 d6 4. d4 exd4 5. Nxd4 Bd7 6. Nxc6 bxc6 7. Bc4 Nf6
8. Nc3 Be7 9. O-O O-O 10. Qe2 Re8 11. Be3 Bf8 12. f3 h6 13. Rad1 Qe7 14. a3
a6 15. Bxa6 Reb8 16. Bc1 Rb6 17. Bc4 Rbb8 18. Rd3 Re8 19. Re3 Qd8 20. e5
dxe5 21. Rxe5 Rxe5 22. Qxe5 Bd6 23. Qd4 Bf5 24. Qf2 Qf8 25. Bb3 Re8 26. Kh1
Bc5 27. Qh4 Be7 28. Qf4 Bd7 29. Qxc7 Bd6 30. Qa5 Ra8 31. Qb6 Bc5 32. Qb7 Ra7
33. Qxa7 Bxa7 34. Ne4 Qe7 35. Bf4 Nxe4 36. fxe4 Be6 37. Bxe6 Qxe6 38. Re1
Bd4 39. b3 Be5 40. Bxe5 Qxe5 41. a4 Qb2 42. h3 Qxc2 43. Ra1 Qb2 44. Rd1 Qxb3
45. Rd8+ Kh7 46. a5 Qb7 47. Kg1 Qa7+ 48. Kh2 Qxa5 49. Rc8 c5 50. e5 c4 51.
e6 Qe5+ 52. Kg1 Qxe6 53. Rb8 c3 54. g4 c2 55. g5 c1=Q+ 56. Kg2 Qxg5+ 57. Kh2
Qe2+ 58. Kh1 Qgg2# {White checkmated} 0-1

[Event "ICC tourney 3005 (40 10)"]
[Site "Internet Chess Club"]
[Date "2022.09.10"]
[Round "2"]
[White "KURIAN ABHILASH, ALEN:K09-17188617"]
[Black "ZHANG, ARI:brass60Six"]
[Result "1-0"]
[ICCResult "Black resigns"]
[WhiteElo "1167"]
[BlackElo "1342"]
[Opening "Sicilian: Grand Prix attack"]
[ECO "B23"]
[NIC "SI.44"]
[Time "13:15:28"]
[PlyCount "117"]
[TimeControl "2400+10"]

1. e4 c5 2. Nc3 Nc6 3. f4 d6 4. Nf3 e5 5. Bb5 exf4 6. d3 Nf6 7. Bxf4 a6 8.
Bxc6+ bxc6 9. Qe2 Be7 10. e5 dxe5 11. Nxe5 Bb7 12. Ne4 O-O 13. O-O-O Nxe4
14. dxe4 Bd6 15. Kb1 Qf6 16. Ng4 Qxf4 17. Rhf1 Qg5 18. Rxd6 Bc8 19. h3 Rb8
20. b3 Re8 21. Rxc6 Bb7 22. Rc7 Rxe4 23. Rxb7 Rbe8 24. Qf2 R4e7 25. Rxe7
Qxe7 26. Qg3 Rf8 27. Nh6+ Kh8 28. Nxf7+ Kg8 29. Nh6+ Kh8 30. Nf5 Qd7 31. Qg4
g6 32. Ne3 Rxf1+ 33. Nxf1 Qe7 34. Qd1 Qb7 35. Ne3 Qe4 36. Qd3 Qe7 37. Nc4
Qe1+ 38. Kb2 Qe7 39. Qc3+ Kg8 40. Ne5 Qc7 41. Nd3 Qg3 42. Qxc5 Qxg2 43. Nf4
Qb7 44. Qd5+ Qxd5 45. Nxd5 Kf7 46. c4 Ke6 47. Kc3 h5 48. Nf4+ Kf5 49. Ne2 h4
50. Kd4 g5 51. Ng1 g4 52. hxg4+ Kxg4 53. c5 Kg3 54. c6 Kg2 55. Ne2 Kf2 56.
Nf4 Kg3 57. Ke5 h3 58. Nxh3 Kxh3 59. c7 {Black resigns} 1-0